 Dungeon Crawl Stone Soup version 0.27.1-1-g398f81649c (webtiles) character file.

Game seed: 981865222435576258

305 Destapler the Skirmisher (level 6, -1/51 HPs)
             Began as a Palentonga Abyssal Knight on Sept 10, 2021.
             Was a Believer of Lugonu.
             Slain by an orc (6 damage)
             ... on level 3 of the Dungeon.
             The game lasted 00:05:47 (3052 turns).

Destapler the Skirmisher (PaAK)                     Turns: 3052, Time: 00:05:49

Health: -1/51      AC:  4    Str: 17    XL:     6   Next: 16%
Magic:  8/8        EV:  9    Int: 12    God:    Lugonu [**....]
Gold:   111        SH:  0    Dex: 10    Spells: 5/5 levels left

rFire    . . .     SeeInvis +   a - +1 falchion
rCold    . . .     Faith    .   (no shield)
rNeg     . . .     Spirit   .   m - +0 leather armour {Will+}
rPois    .         Reflect  .   (no helmet)
rElec    .         Harm     .   (no cloak)
rCorr    .         Rampage  .   (no gloves)
Will     +....                  (no barding)
Stlth    +.........             (no amulet)
HPRegen  0.17/turn              (no ring)
MPRegen  0.11/turn              (no ring)

@: no status effects
A: large, rugged brown scales 3, see invisible, deformed body, roll 1, armoured
tail
a: Rolling Charge, Renounce Religion, Depart the Abyss, Bend Space


You were on level 3 of the Dungeon.
You worshipped Lugonu.
Lugonu was pleased with you.
You visited 1 branch of the dungeon, and saw 3 of its levels.
You visited the Abyss 1 time.

You collected 111 gold pieces.

Inventory:

Hand Weapons
 a - a +1 falchion (weapon)
Missiles
 l - 9 boomerangs
Armour
 b - a +0 leather armour
 m - a +0 leather armour of willpower (worn)
Scrolls
 c - a scroll of torment {unknown}
 d - a scroll of amnesia {unknown}
 e - a scroll of fog {unknown}
 f - a scroll of identify {unknown}
 g - a scroll of summoning {unknown}
 j - a scroll of immolation {unknown}
 k - a scroll of teleportation {unknown}
Potions
 h - a potion of attraction {unknown}
 i - a potion of haste {unknown}


   Skills:
 + Level 4.0 Fighting
 + Level 3.3 Long Blades
 + Level 2.7 Armour
 + Level 2.2 Dodging
 + Level 3.5 Invocations


You had 5 spell levels left.
You didn't know any spells.
Your spell library was empty.

Dungeon Overview and Level Annotations

Branches:
Dungeon (3/15)

Altars:


Innate Abilities, Weirdness & Mutations

You are completely covered in rugged brown scales. (AC +3, +7% HP)
You have supernaturally acute eyesight. (SInv)
Armour fits poorly on your strangely shaped body.
You can roll at nearby foes to attack.
You have a long armoured tail.


Message History

You hit the orc priest.
Your tail-slap misses the orc priest.
The orc priest is moderately wounded.
The orc priest barely misses you. The orc hits you but does no damage.
You hit the orc priest.
The orc priest is heavily wounded.
The orc priest closely misses you. The orc closely misses you.
You riposte.
You hit the orc.
The orc is severely wounded.
The orc priest calls upon Beogh to heal the orc.
The orc is healed somewhat.
The orc priest calls upon Beogh to heal the orc.
The orc's wounds heal themselves!
The orc hits you with a +0 hand axe.
You hit the orc priest but do no damage.
The orc priest is moderately wounded.
The orc priest hits you with a +0 club.
The orc priest hits you with a +0 short sword!
The orc hits you with a +0 hand axe.
The orc priest hits you but does no damage.
You hit the orc priest.
The orc priest is severely wounded.
The orc priest hits you but does no damage.
The orc barely misses you. The orc priest hits you with a +0 club.
You barely miss the orc priest.
The orc priest is severely wounded.
The orc priest hits you with a +0 short sword.
The orc barely misses you. The orc priest misses you.
You hit the orc priest but do no damage.
The orc priest is severely wounded.
The orc priest hits you with a +0 short sword.
* * * LOW HITPOINT WARNING * * *
The orc hits you with a +0 hand axe.
* * * LOW HITPOINT WARNING * * *
The orc priest miscasts a cantrip.
You hit the orc priest.
Your tail-slap misses the orc priest.
The orc priest is almost dead.
The orc priest calls down the wrath of Beogh upon you.
Pain shoots through your body!
* * * LOW HITPOINT WARNING * * *
The orc hits you with a +0 hand axe.
You die...

#.# #.# #.#
#.# #.# #.#
#.# #.# #.#
#.# #.###.#
#.....#
#########.##.#
......o@.....#
......oo..####
###########


You could see 2 orc priests and an orc.

Vanquished Creatures
  Sigmund (D:2)
  2 orc wizards (D:3)
  4 adders
  2 worms
  6 orcs
  7 endoplasms
  2 giant cockroaches
  5 goblins
  3 hobgoblins
  5 quokkas
  5 ball pythons
  3 bats
  2 frilled lizards
  5 kobolds
  A rat (D:1)
53 creatures vanquished.

Notes
Turn   | Place    | Note
-------+----------+-------------------------------------------
     0 | Abyss:1  | Destapler the Palentonga Abyssal Knight began the quest for
                  | the Orb.
     0 | Abyss:1  | Reached XP level 1. HP: 19/19 MP: 2/2
    58 | Abyss:1  | Noticed a large abomination
    75 | Abyss:1  | Noticed a neqoxec
   115 | Abyss:3  | Noticed a starcursed mass
   115 | Abyss:3  | Noticed a starcursed mass
   115 | Abyss:3  | Noticed a neqoxec
   115 | Abyss:3  | Noticed a green very ugly thing
   115 | Abyss:3  | Noticed a neqoxec
   115 | Abyss:3  | Found a corrupted altar of Lugonu.
   116 | D:1      | Escaped the Abyss
   302 | D:1      | Found a faded altar of an unknown god.
   306 | D:1      | Reached skill level 1 in Dodging
   307 | D:1      | Reached XP level 2. HP: 23/25 MP: 3/3
   513 | D:1      | Reached * piety under Lugonu
   820 | D:2      | Noticed Sigmund
   844 | D:2      | Killed Sigmund
   845 | D:2      | Reached XP level 3. HP: 19/32 MP: 3/5
   845 | D:2      | Reached XP level 4. HP: 23/39 MP: 3/6
   845 | D:2      | Reached XP level 5. HP: 26/44 MP: 3/7
  2077 | D:3      | Reached ** piety under Lugonu
  2560 | D:3      | Reached skill level 4 in Fighting
  2560 | D:3      | Reached XP level 6. HP: 12/51 MP: 8/8
  3052 | D:3      | Slain by an orc

Illustrated notes

Levels and vault maps discovered:
D:1:      dpeg_arrival_houses_and_road, layout_rooms,
          hellmonk_ecumenical_altar_crossroads
D:2:      layout_loops_ring, hex_tiny, uniq_sigmund
D:3:      layout_loops_ring, ebering_dispersal_statue_hall, minmay_misc_feat_x,
          uniq_jessica

Skill      XL: |  1  2  3  4  5 |
---------------+----------------+-----
Dodging        | 1 2 |  2.2
Long Blades    | 3 |  3.3
Armour         | 2 |  2.7
Invocations    | 3 |  3.5
Fighting       | 4 |  4.0

Action                   |  1- 3 |  4- 6 || total
-------------------------+-------+-------++-------
Melee: Falchion          |    59 |   109 ||   168
       Tailslap          |     4 |     9 ||    13
Invok: Depart the Abyss  |     1 |       ||     1
 Abil: Rolling Charge    |    15 |    22 ||    37
  Use: Potion            |     1 |       ||     1
Armor: Leather armour    |    25 |    32 ||    57
Dodge: Dodged            |    30 |    37 ||    67
       Rpst.: Falchion   |    10 |    14 ||    24
